 Dungeon Crawl Stone Soup version 0.29-a0-251-g80730f7218 (webtiles) character file.

Game seed: 12923993365049762987

447 pokeman the Magician (level 6, -3/35 HPs)
             Began as a Deep Elf Hedge Wizard on Mar 5, 2022.
             Slain by IdlyInterested's ghost (6 damage)
             ... on level 3 of the Dungeon.
             The game lasted 00:09:32 (2713 turns).

pokeman the Magician (Deep Elf Hedge Wizard)        Turns: 2713, Time: 00:09:33

Health: -3/35      AC:  5    Str:  7    XL:     6   Next: 73%
Magic:  13/18      EV: 12    Int: 21    God:
Gold:   184        SH:  0    Dex: 14    Spells: 8/19 levels left

rFire   + . .      SeeInvis .   p - +3 dagger of the Scroll {spect, *Rage rPois rF+ rN+}
rCold   . . .      Faith    .   (no shield)
rNeg    + . .      Spirit   .   n - +0 leather armour
rPois   +          Reflect  .   b - +0 helmet
rElec   .          Harm     .   c - +0 cloak
rCorr   .          Rampage  .   (no gloves)
Will    .....      Rage     20% (no boots)
Stlth   ++........              (no amulet)
HPRegen 0.11/turn               m - +4 ring of slaying
MPRegen 0.16/turn               (no ring)

@: no status effects
A: no striking features
a: no special abilities


You were on level 3 of the Dungeon.
You visited 1 branch of the dungeon, and saw 3 of its levels.

You collected 184 gold pieces.

Inventory:

Hand Weapons
 p - the +3 dagger of the Scroll (weapon) {spect, *Rage rPois rF+ rN+}
   (You took it off a goblin on level 3 of the Dungeon)

   When its wielder attacks, the weapon's spirit leaps out and strikes again.
   The spirit shares a part of any damage it takes with its wielder.
   rF:        It protects you from fire.
   rPois:     It protects you from poison.
   rN:        It protects you from negative energy.
   *Rage:     It berserks you when you make melee attacks (+20% chance).
Armour
 b - a +0 helmet (worn)
 c - a +0 cloak (worn)
 g - a +0 ring mail of fire resistance
 n - a +0 leather armour (worn)
Magical Staves
 o - a staff of cold
Jewellery
 j - an amulet of magic regeneration
 m - a +4 ring of slaying (left hand)
Scrolls
 e - 3 scrolls of identify {unknown}
 f - 2 scrolls of teleportation {unknown}
 h - a scroll of fog {unknown}
 l - a scroll of noise {unknown}
 q - a scroll of fear {unknown}
Potions
 a - a potion of curing {unknown}
 d - 2 potions of attraction {unknown}
 i - a potion of flight {unknown}
 k - a potion of might {unknown}


   Skills:
 - Level 1.8 Fighting
 - Level 1.8 Armour
 - Level 3.0 Dodging
 + Level 2.5 Stealth
 * Level 7.3 Spellcasting
 + Level 3.5 Conjurations
 - Level 1.1 Summonings
 - Level 1.1 Translocations
 - Level 1.5 Fire Magic
 + Level 0.3 Ice Magic


You had 8 spell levels left.
You knew the following spells:

 Your Spells              Type           Power      Damage    Failure   Level
a - Magic Dart            Conj           88%        1d7       3%          1
b - Mephitic Cloud        Conj/Pois/Air  12%        N/A       22%         3
c - Call Imp              Summ           12%        N/A       12%         2
d - Blink                 Tloc           24%        N/A       12%         2
e - Conjure Flame         Conj/Fire      18%        6-21      13%         3

Your spell library contained the following spells:

 Spells                   Type           Power      Damage    Failure   Level
 Animate Skeleton         Necr           14%        N/A       12%         1
 Pain                     Necr           28%        1d5       12%         1
 Slow                     Hex            28%        N/A       12%         1
 Summon Guardian Golem    Hex/Summ       10%        N/A       30%         3
 Vampiric Draining        Necr           7%         2d6       36%         3
 Agony                    Necr           7%         N/A       98%         5
 Excruciating Wounds      Necr           3%         N/A       98%         5
 Orb of Destruction       Conj           11%        9d6       100%        7
 Spellforged Servitor     Conj/Summ      8%         N/A       100%        7


Dungeon Overview and Level Annotations

Branches:
Dungeon (3/15)

Altars:

Shops:
D:1 *

Annotations:
D:3 IdlyInterested's ghost, amateur DsGl


Message History

Your +3 dagger of the Scroll {spect, *Rage rPois rF+ rN+} is engulfed in blazing flames.
IdlyInterested's ghost hits your +3 dagger of the Scroll {spect, *Rage rPois rF+ rN+}!
Your spectral weapon shares its damage with you!
Your crimson imp hits the bullfrog zombie.
Your +3 dagger of the Scroll {spect, *Rage rPois rF+ rN+} is engulfed in blazing flames.
Your Dodging skill increases to level 3!
Unknown command.
Unknown command.
Casting: Conjure Flame (quite dangerous; 14% risk of failure)
Confirm with . or Enter, or press ? or * to list all spells.
The spell is quite dangerous to miscast (14% risk of failure)!
Continue anyway?
The fire begins to smoulder!
The bullfrog skeleton barely misses your crimson imp.
IdlyInterested's ghost smothers the flame.
You hit the bullfrog zombie. You punch the bullfrog zombie.
The bullfrog zombie is moderately damaged.
IdlyInterested's ghost barely misses you.
The bullfrog zombie is engulfed in blazing flames.
The bullfrog zombie hits you but does no damage.
The bullfrog skeleton closely misses your crimson imp.
Your crimson imp hits the bullfrog zombie.
You hit the bullfrog zombie.
The bullfrog zombie is almost destroyed.
The bullfrog zombie is engulfed in blazing flames.
You destroy the bullfrog zombie!
IdlyInterested's ghost barely misses you.
The bullfrog skeleton hits your crimson imp.
Unknown command.
You hit IdlyInterested's ghost but do no damage.
Your +3 dagger of the Scroll {spect, *Rage rPois rF+ rN+} hits IdlyInterested's ghost.
IdlyInterested's ghost hits you!
* * * LOW HITPOINT WARNING * * *
Your crimson imp hits IdlyInterested's ghost but does no damage.
Unknown command.
You puncture IdlyInterested's ghost!
IdlyInterested's ghost is heavily damaged.
Your +3 dagger of the Scroll {spect, *Rage rPois rF+ rN+} hits IdlyInterested's ghost but does no damage.
The bullfrog skeleton hits your crimson imp.
IdlyInterested's ghost hits you.
You die...

##.##................#..
##########..##.........).....).).
.....<..##..#..........รทรท.)###.##
........##.........##...#)## #.##
........#......##.#######.# #...
..............###)# #.####...
.........).>>.###.#######.....)#.
...............(W5Z......#####.##
................@###...........##
.....>.......#.### ##............
..<..........#.# #Z.....).....
###.)..........# ###'''###.....
#..........### #.......#.....
#..........# ##...).##....)
#..........# #.......#.....
#######.#### ##..)(.##..... #.#
#..#.#..#.)...


You could see IdlyInterested's ghost (ally target), a bullfrog skeleton, a
friendly +3 dagger of the Scroll {spect, *Rage rPois rF+ rN+} (summoned) and a
friendly crimson imp (summoned).

Vanquished Creatures
  Grinder (D:3)
  A scorpion (D:3)
  A wyvern skeleton (D:3)
  A bullfrog zombie (D:3)
  Terence (D:3)
  Robin (D:3)
  An adder (D:3)
  A worm (D:2)
  A dart slug (D:3)
  2 orcs (D:3)
  3 bats (D:3)
  2 endoplasms (D:1)
  A giant cockroach (D:1)
  18 goblins
  2 hobgoblins
  4 jackals (D:3)
  4 ball pythons
  3 frilled lizards (D:1)
  4 kobolds
  4 rats
56 creatures vanquished.

Notes
Turn   | Place    | Note
-------+----------+-------------------------------------------
     0 | D:1      | pokeman the Deep Elf Hedge Wizard began the quest for the
                  | Orb.
     0 | D:1      | Reached XP level 1. HP: 10/10 MP: 7/7
   153 | D:1      | Found Telosaqi's General Store.
   262 | D:1      | You fall into a shaft and drop 1 floor!
   468 | D:1      | Reached XP level 2. HP: 16/16 MP: 7/9
  1397 | D:2      | Reached skill level 5 in Spellcasting
  1766 | D:3      | Reached XP level 3. HP: 20/20 MP: 8/11
  1770 | D:3      | Learned a level 3 spell: Mephitic Cloud
  1773 | D:3      | Learned a level 2 spell: Call Imp
  1776 | D:3      | Learned a level 2 spell: Blink
  1780 | D:3      | Learned a level 3 spell: Conjure Flame
  1884 | D:3      | Found a runed translucent gate.
  1884 | D:3      | Found a runed translucent gate.
  1884 | D:3      | Found a runed translucent gate.
  1886 | D:3      | Noticed Grinder
  1891 | D:3      | Paralysed by Grinder for 4 turns
  1904 | D:3      | Killed Grinder
  1905 | D:3      | Reached skill level 1 in Fighting
  1905 | D:3      | Reached skill level 1 in Armour
  1905 | D:3      | Reached skill level 6 in Spellcasting
  1905 | D:3      | Reached XP level 4. HP: 18/26 MP: 6/14
  1905 | D:3      | Reached XP level 5. HP: 20/30 MP: 6/16
  2026 | D:3      | Noticed Robin
  2041 | D:3      | Noticed IdlyInterested's ghost (amateur DsGl)
  2085 | D:3      | Reached XP level 6. HP: 35/35 MP: 0/17
  2216 | D:3      | Identified the +3 dagger of the Scroll {spect, *Rage rPois
                  | rF+ rN+}
  2320 | D:3      | Reached skill level 1 in Fire Magic
  2363 | D:3      | Killed Robin
  2490 | D:3      | Noticed Terence
  2510 | D:3      | Killed Terence
  2511 | D:3      | Reached skill level 7 in Spellcasting
  2713 | D:3      | Slain by IdlyInterested's ghost

Illustrated notes

Levels and vault maps discovered:
D:1:      lightli_arrival_windingriver, layout_basic, serial_shops,
          nicolae_shop_hallway_plus, nrook_uturn, minmay_pentomino_t4
D:2:      layout_basic, serial_forest, infiniplex_forest_clump_tiny,
          infiniplex_forest_lined_ring, infiniplex_forest_clump_tiny,
          infiniplex_forest_clump_double, infiniplex_forest_straight_3
D:3:      layout_rooms, gammafunk_ghost_necromancy, uniq_terence, uniq_robin,
          uniq_grinder

Skill      XL: |  1  2  3  4  5  6 |
---------------+-------------------+-----
Spellcasting   | 5 6 7 |  7.3
Fighting       | 1 |  1.8
Armour         | 1 |  1.8
Conjurations   | 2 3 |  3.5
Fire Magic     | 1 |  1.5
Dodging        | 3 |  3.0
Stealth        | |  2.5
Summonings     | |  1.1
Translocations | |  1.1
Ice Magic      | |  0.3

Action                   |  1- 3 |  4- 6 || total
-------------------------+-------+-------++-------
Melee: Great sword       |    12 |     1 ||    13
       Dagger            |       |    10 ||    10
       Punch             |       |     1 ||     1
 Cast: Magic Dart        |    69 |    42 ||   111
       Call Imp          |     1 |     1 ||     2
       Mephitic Cloud    |       |     3 ||     3
       Conjure Flame     |       |     4 ||     4
Armor: Robe              |     2 |       ||     2
       Leather armour    |     1 |     3 ||     4
Dodge: Dodged            |     9 |    13 ||    22

Table legend: (Time is in decaauts)
 A = Elapsed time spent in this place.
 B = Non-inter-level travel time spent in this place.
 C = Inter-level travel time spent in this place.
 D = Time resting spent in this place.
 E = Time spent auto-exploring this place.
 F = Levels seen in this place.
 G = Mean time per level.
                   A        B        C        D        E       F      G
               +--------+--------+--------+--------+--------+-----+--------+
         Total |   2729 |   2682 |     47 |    115 |   2129 |   3 |  909.7 |
       Dungeon |   2729 |   2682 |     47 |    115 |   2129 |   3 |  909.7 |
               +--------+--------+--------+--------+--------+-----+--------+

Top non-repeatable levels by time:
     D:1: 1026 daAuts
     D:3: 1003 daAuts
     D:2: 699 daAuts
